 Dungeon Crawl Stone Soup version 0.30-a0-219-gf2db51d15e (webtiles) character file.

Game seed: 1225534370498221669

277 910rd the Gusty (level 6, 0/35 HPs)
             Began as a Tengu Air Elementalist on Oct 6, 2022.
             Was an Initiate of Vehumet.
             Slain by Blork the orc
             ... wielding a +0 halberd
              (9 damage)
             ... on level 4 of the Dungeon.
             The game lasted 00:13:58 (3559 turns).

910rd the Gusty (Tengu Air Elementalist)            Turns: 3559, Time: 00:13:59

Health: 0/35       AC:  9    Str:  9    XL:     6   Next: 25%
Magic:  3/11       EV: 14    Int: 17    God:    Vehumet [......]
Gold:   186        SH:  0    Dex: 14    Spells: 8/11 levels left

rFire   . . .      SeeInvis .    w - +2 short sword (elec)
rCold   + . .      Faith    .    (no shield)
rNeg    . . .      Spirit   .    t - +3 leather armour "Wur Juyq" {Contam rElec rC+}
rPois   .          Reflect  .    l - +2 hat
rElec   +          Harm     .    (no cloak)
rCorr   .          Rampage  .    i - +0 pair of gloves
Will    .....                    (boots unavailable)
Stlth   ++........               (no amulet)
HPRegen 0.25/turn                (no ring)
MPRegen 0.12/turn                (no ring)

@: flying quickly and evasively, quick
A: beak, talons 3, nimble flight
a: Renounce Religion


You were on level 4 of the Dungeon.
You worshipped Vehumet.
Vehumet was noncommittal.
You visited 2 branches of the dungeon, and saw 5 of its levels.

You collected 186 gold pieces.

Inventory:

Hand Weapons
 e - a +0 dagger
 p - a +0 long sword
 s - a +0 dagger of freezing
 w - a +2 short sword of electrocution (weapon)
Missiles
 d - 4 datura-tipped darts
 q - 4 poisoned darts
Armour
 a - a +0 robe
 i - a +0 pair of gloves (worn)
 l - a +2 hat (worn)
 t - the +3 leather armour "Wur Juyq" (worn) {Contam rElec rC+}
   (You found it on level 3 of the Dungeon)

   rC:        It protects you from cold.
   rElec:     It insulates you from electricity.
   Contam:    It causes magical contamination when unequipped.
Wands
 v - a wand of charming (6)
Scrolls
 g - a scroll of fear
 h - a scroll of noise
 k - 3 scrolls of teleportation
Potions
 b - a potion of magic
 c - a potion of mutation {unknown}
 f - a potion of heal wounds {unknown}
 m - 2 potions of attraction
 n - a potion of curing {unknown}
 o - 3 potions of flight
 u - 2 potions of haste {unknown}


   Skills:
 - Level 2.0 Fighting
 - Level 2.1 Dodging
 - Level 2.0 Stealth
 - Level 3.0 Spellcasting
 - Level 3.0 Conjurations
 + Level 7.2 Air Magic


You had 8 spell levels left.
You knew the following spells:

 Your Spells              Type           Power      Damage    Failure   Level
a - Shock                 Conj/Air       80%        1d8       3%          1
b - Static Discharge      Conj/Air       40%        2-4/arc   4%          2

Your spell library contained the following spells:

 Spells                   Type           Power      Damage    Failure   Level
 Swiftness                Air            27%        N/A       3%          3
 Airstrike                Air            13%        2d(2-18)  12%         4


Dungeon Overview and Level Annotations

Branches:
Dungeon (4/15) Zot: 20531  Temple (1/1) D:4 Zot: 5989

Altars:
Ashenzari
Dithmenos
Gozag
Kikubaaqudgha
Nemelex Xobeh
Okawaru
Ru
Sif Muna
Vehumet
Wu Jian
Zin

Annotations:
D:4 Blork the orc


Innate Abilities, Weirdness & Mutations

You have a beak for a mouth.
You have claws for feet.
Your magical nature lets you fly swiftly and evasively.


Message History

You resist.
You are struck by an arc of lightning.
Blork the orc looks encouraged for a moment.
Blork the orc splashes around in the water.
You now have 5/11 mp.
Blork the orc casts a spell at you. The puff of flame hits you.
* * * LOW HITPOINT WARNING * * *
You take 3 damage, and have 19/35 hp.
Casting: Static Discharge (safe; 4% risk of failure)
Confirm with . or Enter, or press ? or * to list all spells.
Aiming: Shock (safe; 3% risk of failure)
Press: ? - help, Shift-Dir - straight line, f - Blork the orc
Aim: Blork the orc, wielding a +0 halberd and wearing a +0 robe (heavily wounded, fast, 75% to hit)
The zap hits Blork the orc.
Blork the orc is severely wounded.
You are engulfed in a cloud of scalding steam.
Blork the orc casts a spell at you. The puff of frost hits you. You resist.
* * * LOW HITPOINT WARNING * * *
Blork the orc hits you with a +0 halberd!
* * * LOW HITPOINT WARNING * * *
You take 9 damage, and have 10/35 hp.
MASSIVE DAMAGE!!
You now have 4/11 mp.
Aiming: Charm
Press: ? - help, Shift-Dir - straight line, f/p - Blork the orc
Aim: Blork the orc, wielding a +0 halberd and wearing a +0 robe (severely wounded, fast, chance to affect: 49%) Blork the orc resists with some effort.
You are engulfed in a cloud of scalding steam.
* * * LOW HITPOINT WARNING * * *
Blork the orc points at you and mumbles some strange words.
The puff of frost misses you.
You take 1 damage, and have 9/35 hp.
Okay, then.
Casting: Shock (safe; 3% risk of failure)
Confirm with . or Enter, or press ? or * to list all spells.
Aiming: Shock (safe; 3% risk of failure)
Press: ? - help, Shift-Dir - straight line, p - Blork the orc The zap hits Blork the orc.
Blork the orc is severely wounded.
Blork the orc hits you from afar with a +0 halberd!
You die...

##...#..$###.......###...⌠......
#...............................
##.......##########........#....
#........# #~~# #......###.##.
#<..#.....# ##~# #.....###...##
##........# ##~# #.............
##......o# #o~# #.##..........
.........# #§##~#..#.........#
.........S# #
#~@~~#...###....... ..#......r#
#~#~####...# #....#..
#.#.....#S# #~~~~~~#.###
#######. ##...o.#########~### ##
##....#~Swr~o~~~#
##....rr#~#~#### ###...w.~~~~~
#.......~.... ...............#


You could see Blork the orc (fast).

Vanquished Creatures
  A bullfrog (D:4)
  An orc priest (D:3)
  7 adders
  A river rat (D:4)
  An ufetubus (D:4)
  3 dart slugs
  4 worms
  3 orcs (D:3)
  2 ball pythons (D:3)
  4 bats
  7 endoplasms
  4 giant cockroaches
  10 goblins
  9 hobgoblins
  5 jackals
  5 kobolds
  6 quokkas
  4 frilled lizards
  5 rats
82 creatures vanquished.

Notes
Turn   | Place    | Note
-------+----------+-------------------------------------------
     0 | D:1      | 910rd the Tengu Air Elementalist began the quest for the
                  | Orb.
     0 | D:1      | Reached XP level 1. HP: 10/10 MP: 4/4
   231 | D:1      | Reached XP level 2. HP: 15/15 MP: 3/6
   237 | D:1      | Learned a level 2 spell: Static Discharge
   411 | D:1      | Reached skill level 5 in Air Magic
   566 | D:1      | Reached skill level 1 in Fighting
   730 | D:1      | Reached XP level 3. HP: 16/20 MP: 4/7
  1378 | D:2      | Reached XP level 4. HP: 26/26 MP: 8/8
  1533 | D:2      | Found a faded altar of an unknown god.
  2007 | D:3      | Identified the +3 leather armour "Wur Juyq" {Contam rElec
                  | rC+}
  2062 | D:3      | Found a sparkling altar of Nemelex Xobeh.
  2272 | D:3      | Found a broken altar of Ashenzari.
  2310 | D:3      | Gained mutation: Your magical nature lets you fly swiftly
                  | and evasively. [Tengu growth]
  2310 | D:3      | Reached XP level 5. HP: 12/30 MP: 1/10
  2707 | D:3      | Found a glowing silver altar of Zin.
  2949 | D:4      | Noticed Blork the orc
  3161 | D:4      | Reached skill level 6 in Air Magic
  3168 | D:4      | Found a staircase to the Ecumenical Temple.
  3182 | Temple   | Entered the Ecumenical Temple
  3188 | Temple   | Became a worshipper of Vehumet
  3315 | D:4      | Found a shadowy altar of Dithmenos.
  3349 | D:4      | Reached skill level 7 in Air Magic
  3349 | D:4      | Reached XP level 6. HP: 26/35 MP: 4/11
  3375 | D:4      | Found an opulent altar of Gozag.
  3377 | D:4      | Found an ornate altar of the Wu Jian Council.
  3380 | D:4      | Found a shimmering blue altar of Sif Muna.
  3559 | D:4      | Slain by Blork the orc

Illustrated notes

Levels and vault maps discovered:
D:1:      minmay_arrival_doors, layout_rooms
D:2:      layout_rooms, shapermc_ecumenical_altar_mp_highgroup
D:3:      minmay_spotlight, layout_basic, nemelex_spade_bored_becter,
          nicolae_ashenzari_panopticon, lemuel_coloured_pillars_altar
D:4:      layout_cave_pools, grunt_dithmenos_smoke_and_mirrors,
          grunt_temple_overflow_diamond, temple_fountains,
          lightli_sewer_entry_pipes, chequers_serial_rivers_micro_b,
          minmay_misc_feat_chi, amcnicky_mini_corridor_feature,
          uniq_blork_the_orc
Temple:   hellmonk_temple_of_storms

Skill      XL: |  1  2  3  4  5 |
---------------+----------------+-----
Air Magic      | 5 7 |  7.2
Fighting       | 1 2 |  2.0
Conjurations   | 2 3 |  3.0
Spellcasting   | 3 |  3.0
Dodging        | |  2.1
Stealth        | |  2.0

Action                   |  1- 3 |  4- 6 || total
-------------------------+-------+-------++-------
Melee: Dagger            |    13 |    15 ||    28
       Kick              |     4 |    13 ||    17
       Peck              |     1 |     8 ||     9
       Long sword        |       |    13 ||    13
       Short sword       |       |    30 ||    30
       Punch             |       |     1 ||     1
 Cast: Shock             |    46 |    14 ||    60
       Static Discharge  |    19 |    23 ||    42
Evoke: Wand              |       |     3 ||     3
  Use: Scroll            |       |     9 ||     9
 Stab: Sleeping          |     1 |     4 ||     5
Armor: Robe              |     9 |    18 ||    27
       Leather armour    |       |     7 ||     7
Dodge: Dodged            |    34 |    65 ||    99

Table legend: (Time is in decaauts)
 A = Elapsed time spent in this place.
 B = Non-inter-level travel time spent in this place.
 C = Inter-level travel time spent in this place.
 D = Time resting spent in this place.
 E = Time spent auto-exploring this place.
 F = Levels seen in this place.
 G = Mean time per level.
                   A        B        C        D        E       F      G
               +--------+--------+--------+--------+--------+-----+--------+
         Total |   3478 |   3269 |    209 |    648 |   1696 |   5 |  695.6 |
       Dungeon |   3467 |   3262 |    205 |    648 |   1696 |   4 |  866.8 |
        Temple |     10 |      7 |      3 |      0 |      0 |   1 |   10.0 |
               +--------+--------+--------+--------+--------+-----+--------+

Top non-repeatable levels by time:
     D:3: 1277 daAuts
     D:1: 1032 daAuts
     D:2: 768 daAuts
     D:4: 390 daAuts
  Temple: 10 daAuts
